 Dungeon Crawl Stone Soup version 0.24.0-29-g8ce449bc06 (webtiles) character file.

Game seed: 4989962234130258076, levelgen mode: deterministic

21 Descartes the Insei (level 2, 0/16 HPs)
             Began as a Vine Stalker Monk on Nov 14, 2019.
             Slain by an adder (4 damage)
             ... on level 2 of the Dungeon.
             The game lasted 00:02:29 (1248 turns).

Descartes the Insei (Vine Stalker Monk)             Turns: 1248, Time: 00:02:29

Health: 0/16       AC:  2    Str: 13    XL:     2   Next: 87%
Magic:  0/3        EV: 13    Int: 10    God:
Gold:   87         SH:  0    Dex: 16    Spells: 1/1 levels left

rFire    . . .     SeeInvis .     - Unarmed
rCold    . . .     Gourm    .   (no shield)
rNeg     . . .     Faith    .   a - +0 robe
rPois    +         Spirit   +   (no helmet)
rElec    .         Reflect  .   (no cloak)
rCorr    .         Harm     .   (no gloves)
MR       .....                  (no boots)
Stlth    ++........             (no amulet)
HPRegen  0.05/turn              h - ring of poison resistance
MPRegen  0.08/turn              (no ring)

@: no status effects
A: fangs 2, magic shield, antimagic bite, no potion heal 3, rot immunity
a: no special abilities


You were on level 2 of the Dungeon.
You were hungry.

You visited 1 branch of the dungeon, and saw 2 of its levels.

You collected 87 gold pieces.

Inventory:

Missiles
 e - 20 stones (quivered)
 f - 5 sling bullets
 g - 9 poisoned darts
 l - 23 bolts
 m - 19 arrows
Armour
 a - a +0 robe (worn)
Jewellery
 h - a ring of poison resistance (left hand)
Scrolls
 c - a scroll of teleportation {unknown}
 d - a scroll of identify {unknown}
 i - a scroll of enchant weapon {unknown}
 j - a scroll of remove curse {unknown}
 n - 2 scrolls of amnesia {unknown}
Potions
 k - a potion of heal wounds {unknown}
Comestibles
 b - 3 rations


   Skills:
 - Level 2.6 Fighting
 + Level 2.6 Dodging
 + Level 3.0 Stealth
 * Level 3.5 Unarmed Combat


You had one spell level left.
You didn't know any spells.
Your spell library was empty.

Dungeon Overview and Level Annotations

Branches:
Dungeon (2/15)

Altars:


Innate Abilities, Weirdness & Mutations

You have extremely sharp teeth.
When hurt, damage is shared between your health and your magic reserves.
Your bite disrupts and absorbs the magic of your enemies.
Potions cannot restore your health.
You are immune to rotting.


Message History

The adder hisses angrily.
The adder bites you.
You barely miss the adder. Your bite misses the adder.
The adder closely misses you. The adder bites you.
You are too injured to fight recklessly!
You are too injured to fight recklessly!
You barely miss the adder. Your bite misses the adder.
The adder barely misses you.
You closely miss the adder. Your bite misses the adder. The adder bites you.
* * * LOW HITPOINT WARNING * * *
You hit the adder.
The adder is heavily wounded.
The adder barely misses you.
You miss the adder.
The adder is heavily wounded.
The adder closely misses you.
You hit the adder. Your bite misses the adder.
The adder is heavily wounded.
The adder bites you.
You die...

####+#######
#.......#..##
#.@.........##
#S..(...###..##
...........##....#
......##.####..##..#
....... #.# #....##..#
....... ..##..##..##..#
.##########..##...†##..#
##..##..##..##..
#..##..#.##..##.


You could see an adder.

Vanquished Creatures
  A leopard gecko (D:2)
  3 goblins
  3 hobgoblins
  3 jackals (D:1)
  2 kobolds (D:1)
  2 bats (D:1)
  2 frilled lizards
  2 rats
18 creatures vanquished.

Notes
Turn   | Place    | Note
-------+----------+-------------------------------------------
     0 | D:1      | Descartes the Vine Stalker Monk began the quest for the
                  | Orb.
     0 | D:1      | Reached XP level 1. HP: 11/11 MP: 2/2
   353 | D:1      | Reached XP level 2. HP: 9/16 MP: 3/3
  1248 | D:2      | Slain by an adder

Levels and vault maps discovered:
D:1:      psy_arrival_fountain, layout_rooms, minmay_misc_feat_alley,
          minmay_misc_feat_square, hangedman_decor_slide_cut
D:2:      minmay_alternating_diamond, layout_basic, nicolae_ru_awakened_eye,
          okawaru_trees_1, minmay_crystal_room, interstate_on_off

Skill      XL: |  1  2 |
---------------+-------+-----
Stealth        | 3 |  3.0
Fighting       | |  2.6
Dodging        | |  2.6
Unarmed Combat | |  3.5

Action                   || total
-------------------------++-------
Melee: Unarmed           ||    62
       Bite              ||    16
       Punch             ||     1
 Stab: Sleeping          ||     1
       Distracted        ||     1
Armor: Robe              ||     6
Dodge: Dodged            ||    47
